 Dungeon Crawl Stone Soup version 0.28-a0-261-gc0b50483a2 (webtiles) character file.

Game seed: 4248095057503457129

19679 GordonOverkill the Fighter (level 12, -4/63 HPs)
             Began as a Felid Necromancer on Aug 27, 2021.
             Was the Champion of Ashenzari.
             Slain by a brown ugly thing (14 damage)
             ... in an ice cave.
             The game lasted 01:02:48 (38402 turns).

GordonOverkill the Fighter (Felid Necromancer)     Turns: 38402, Time: 01:02:48

Health: -4/63      AC:  3    Str:  4      XL:     12   Next: 38%
Magic:  14/28      EV: 20    Int: 20 (21) God:    Ashenzari [******]
Gold:   747        SH:  0    Dex: 14 (15) Spells: 15/34 levels left
                                        Lives:  0   Deaths: 3

rFire   + . .      SeeInvis +     - Unarmed
rCold   + + .      Faith    .   (shield unavailable)
rNeg    . . .      Spirit   .   (armour unavailable)
rPois   +          Reflect  .   (helmet unavailable)
rElec   +          Harm     .   (cloak unavailable)
rCorr   +          Rampage  .   (gloves unavailable)
Will    +....      Clarity  +   (boots unavailable)
Stlth   ++........              e - amulet of Ashenzari's Oblivion {RegenMP, Bglg, Evo} (curse)
HPRegen 0.20/turn               o - ring of Ashenzari's Black Moon {Slay+4, Evo, Self} (curse)
MPRegen 0.46/turn               p - ring "Shackled With Me" {Fly, Bglg, Melee} (curse)

@: resistant, flying, very slightly contaminated, quick
A: very small, claws 1, fangs 3, see invisible, speed 1, shaggy fur 3, stealthy
paws, no weapons or thrown items, no armour, multi-lived, clumsy 1,
deterioration 1, subdued magic 1
a: Renounce Religion, Shatter the Chains


You were in an ice cave.
You worshipped Ashenzari.
Ashenzari was exalted by your worship.
You visited 4 branches of the dungeon, and saw 19 of its levels.
You also visited: Ice Cave.

You collected 1419 gold pieces.
You spent 672 gold pieces at shops.

Inventory:

Jewellery
 e - the cursed amulet of Ashenzari's Oblivion (around neck) {RegenMP, Bglg, Evo}
   (You found it on level 3 of the Lair of Beasts)

   [amulet of magic regeneration]

   It increases your rate of magic regeneration.
   It has a curse which improves the following skills: Beguiling: Conjurations,
   Hexes and Translocations.
   Evocations: Evocations.
 o - the cursed ring of Ashenzari's Black Moon (left paw) {Slay+4, Evo, Self}
   (You found it on level 6 of the Dungeon)

   [ring of slaying]

   Slay:      It affects your accuracy & damage with ranged weapons and melee
   (+4).
   It has a curse which improves the following skills: Evocations: Evocations.
   Introspection: Fighting and Spellcasting.
 p - the cursed ring "Shackled With Me" (right paw) {Fly, Bglg, Melee}
   (You found it on level 6 of the Dungeon)

   [ring of flight]

   Fly:       It grants you flight.
   It has a curse which improves the following skills: Beguiling: Conjurations,
   Hexes and Translocations.
   Melee Combat: Unarmed Combat.
 q - a ring of ice
 w - a +4 ring of evasion
Wands
 f - a wand of acid (5)
 j - a wand of paralysis (12)
 n - a wand of polymorph (11)
 v - a wand of flame (1)
 x - a wand of iceblast (6)
Scrolls
 b - 2 scrolls of holy word
 d - 5 scrolls of vulnerability
 h - 8 scrolls of teleportation
 i - 3 scrolls of amnesia
 m - a scroll of fear
 r - 2 scrolls of blinking
 t - 4 scrolls of magic mapping
 y - a scroll of fog
Potions
 a - a potion of brilliance
 c - 3 potions of magic
 g - 5 potions of curing
 k - 2 potions of resistance
 l - 2 potions of berserk rage
 s - 2 potions of heal wounds
 u - a potion of might
 z - a potion of ambrosia


   Skills:
 + Level 10.8(13.5) Fighting
 + Level 7.5 Dodging
 - Level 2.6 Stealth
 + Level 4.1(6.9) Unarmed Combat
 - Level 9.0(11.9) Spellcasting
 - Level 8.5(12.9) Conjurations
 - Level 6.0 Necromancy
 + Level 10.0 Transmutations
 + Level 9.1 Earth Magic
 - Level 5.5(10.0) Evocations


You had 15 spell levels left.
You knew the following spells:

 Your Spells              Type           Power      Damage    Failure   Level
a - Pain                  Necr           100%       1d9       1%          1
b - Vampiric Draining     Necr           13%        2d7       1%          3
c - Irradiate             Conj/Tmut      22%        3d20      1%          5
d - Dispel Undead         Necr           27%        3d13      3%          4
e - Statue Form           Tmut/Erth      25%        N/A       14%         6

Your spell library contained the following spells:

 Spells                   Type           Power      Damage    Failure   Level
 Animate Skeleton         Necr           54%        N/A       1%          1
 Sting                    Tmut/Pois      96%        1d7       1%          1
 Static Discharge         Conj/Air       29%        N/A       1%          2
 Sublimation of Blood     Necr           13%        N/A       1%          2
 Petrify                  Tmut/Erth      38%        N/A       1%          4
 Blade Hands              Tmut           20%        N/A       1%          5
 Iskenderun's Battlesphe  Conj           49%        2d10      1%          5
 Animate Dead             Necr           13%        N/A       3%          4
 Sticky Flame             Conj/Fire      29%        2d5       3%          4
 Leda's Liquefaction      Hex/Erth       12%        N/A       6%          4
 Bolt of Magma            Conj/Fire/Erth 15%        4d9       6%          5
 Iron Shot                Conj/Erth      21%        9d5       8%          6
 Agony                    Necr           27%        N/A       12%         5
 Inner Flame              Hex/Fire       10%        N/A       13%         3
 Call Canine Familiar     Summ           9%         N/A       14%         3
 Cause Fear               Hex            5%         N/A       36%         4
 Spellforged Servitor     Conj/Summ      14%        N/A       97%         7
 Discord                  Hex            5%         N/A       100%        8
 Maxwell's Capacitive Co  Air            4%         ∞         100%        8
 Portal Projectile        Hex/Tloc       Unusable   N/A       N/A         3

Dungeon Overview and Level Annotations

Branches:
Dungeon (11/15)            Temple (1/1) D:7            Lair (5/6) D:9
  Swamp (0/4) Lair:3       Spider (0/4) Lair:3          Orc (2/2) D:10
  IceCv (1/1)
  Slime: Lair:5-6       Elf: Orc:2

Altars:
Ashenzari
Cheibriados
Dithmenos
Elyvilon
Fedhas
Gozag
Hepliaklqana
Kikubaaqudgha
Makhleb
Nemelex Xobeh
Okawaru
Qazlal
Ru
Sif Muna
Trog
Uskayaw
Vehumet
Wu Jian
Xom
Yredelemnul
Zin
The Shining One
Jiyva

Shops:
D:1 (   Orc:1 :(:!   Orc:2 *

Annotations:
D:8 Joseph
D:11 3 runed translucent doors, TheJester's ghost, journeyman MiBe
Lair:1 exclusions: 5 blink frogs and 3 oklob plants IceCv 1 transporter, exclusion: 2 ice statues


Innate Abilities, Weirdness & Mutations

You have sharp claws.
You have razor-sharp teeth.
You have supernaturally acute eyesight. (SInv)
You cover ground quickly. (Speed+)
Your thick and shaggy fur keeps you warm. (AC +3, rC+)
Your paws help you pounce on unaware monsters.
You are incapable of wielding weapons or throwing items.
You cannot wear armour.
You gain extra lives every three experience levels.
You are clumsy. (Dex -2)
Your body sometimes deteriorates upon taking damage.
Your spells are a little easier to cast, but a little less powerful.


Message History

The white ugly thing barely misses you.
The ice statue gestures.
Blink to where?
Press: ? - help, Dir - move target
As you read the scroll of blinking, it crumbles to dust.
The ice beast closely misses you.
Casting: Irradiate (dangerous; 1% risk of failure)
Confirm with . or Enter, or press ? or * to list all spells.
You erupt in a fountain of uncontrolled magic!
The ice beast is blasted with magical radiation!!
You kill the ice beast!
The ice statue is blasted with magical radiation!
The ice statue is lightly damaged.
You are very lightly contaminated with residual magic.
Casting: Irradiate (dangerous; 1% risk of failure)
Confirm with . or Enter, or press ? or * to list all spells.
You erupt in a fountain of uncontrolled magic!
The ice statue is blasted with magical radiation!!
The ice statue is heavily damaged.
The white ugly thing is blasted with magical radiation!!
The white ugly thing is moderately wounded.
The white ugly thing basks in the mutagenic energy and changes!
The ice statue gestures at you. The bolt of cold hits you! You resist.
* * * LOW HITPOINT WARNING * * *
Your body deteriorates!
You feel dopey. The cyan ugly thing gores you!
* * * LOW HITPOINT WARNING * * *
The cyan ugly thing shocks you. You resist.
* * * LOW HITPOINT WARNING * * *
Casting: Irradiate (dangerous; 1% risk of failure)
Confirm with . or Enter, or press ? or * to list all spells.
You erupt in a fountain of uncontrolled magic!
The ice statue is blasted with magical radiation!!!
The ice statue is almost destroyed.
The cyan ugly thing is blasted with magical radiation!!
The cyan ugly thing is severely wounded.
The cyan ugly thing basks in the mutagenic energy and changes!
The brown ugly thing bites you!
You die...

##...........##
#.....©.)...#
##...8©8...##
############
#####8..©..8##
####8.......8#*
###8.........8#*
##...u.!Y?.....#
##∩.@8.?:).8..©#
################
#########
#########
#########


You could see 2 ice statues, a brown ugly thing and an ice beast (summoned).

Vanquished Creatures
  Gastronok (Lair:3)
  An ettin (Orc:1)
  2 hydras
  Erica (Lair:1)
  4 two-headed ogres
  2 death yaks
  An orc knight (Orc:2)
  2 orc sorcerers (Orc:1)
  A cyclops (D:10)
  16 elephants
  2 black mambas
  6 cane toads
  2 komodo dragons
  3 rime drakes
  Psyche (D:8)
  A freezing wraith (IceCv)
  2 jumping spiders (Lair:3)
  2 trolls
  2 polar bears (D:9)
  2 blink frogs
  7 dream sheep (Lair:1)
  19 yaks
  A redback (Lair:3)
  A wraith (D:10)
  7 wyverns
  3 basilisks
  4 vampire mosquitoes (D:11)
  A steam dragon (D:8)
  4 wargs
  2 swamp worms (Lair:2)
  8 water moccasins
  Duvessa (D:5)
  A floating eye (D:11)
  3 ice beasts
  20 orc warriors
  A sky beast (D:5)
  A black bear (D:6)
  3 necrophages
  9 ogres
  6 wolves
  4 centaurs
  2 phantoms
  3 kobold brigands
  9 bullfrogs
  6 cane toad simulacra
  5 scorpions
  Dowan (D:5)
  A wyvern skeleton (D:6)
  An elephant simulacrum (IceCv)
  A water moccasin skeleton (D:4)
  9 wights
  A howler monkey (D:9)
  3 electric eels (D:9)
  4 crimson imps (D:4)
  3 centaur zombies
  2 hounds
  A jelly (D:5)
  A centaur skeleton (D:7)
  A gnoll shaman (D:7)
  8 orc priests
  3 iguanas (D:5)
  23 orc wizards
  4 polar bear simulacra
  2 centaur simulacra (D:9)
  Robin (D:2)
  4 gnolls
  13 adders
  2 white imps (D:9)
  2 ufetubi
  An adder skeleton (D:4)
  2 worms (D:2)
  2 dart slugs (D:3)
  45 orcs
  3 bats (D:3)
  11 endoplasms
  4 giant cockroaches
  18 goblins
  9 hobgoblins
  8 quokkas
  13 ball pythons
  4 frilled lizards
  19 kobolds
  4 rats
419 creatures vanquished.

Vanquished Creatures (others)
  4 bushes
  49 fungi
  62 plants
115 creatures vanquished.

Grand Total: 534 creatures vanquished

Notes
Turn   | Place    | Note
-------+----------+-------------------------------------------
     0 | D:1      | GordonOverkill the Felid Necromancer began the quest for
                  | the Orb.
     0 | D:1      | Reached XP level 1. HP: 7/7 MP: 4/4
   514 | D:1      | Reached skill level 1 in Fighting
   618 | D:1      | Reached XP level 2. HP: 11/12 MP: 4/6
   770 | D:1      | Found Plog's Antique Weapon Shoppe.
  2647 | D:2      | Reached XP level 3. HP: 12/16 MP: 4/8
  2715 | D:2      | Learned a level 3 spell: Vampiric Draining
  3185 | D:2      | Noticed Robin
  4253 | D:2      | Found a faded altar of an unknown god.
  4544 | D:2      | Reached XP level 4. HP: 14/20 MP: 2/9
  4805 | D:2      | Killed Robin
  4820 | D:2      | Slain by a goblin
  4821 | D:2      | Reached XP level 3. HP: -1/16 MP: 0/8
  5787 | D:3      | Reached XP level 4. HP: 20/21 MP: 8/10
  5883 | D:3      | Noticed an ogre
  6425 | D:3      | Killed an ogre
  6426 | D:3      | Reached XP level 5. HP: 19/25 MP: 2/12
  7918 | D:4      | Noticed a necrophage
  8975 | D:3      | Killed a necrophage
  8976 | D:3      | Gained mutation: You are covered in thick fur. (AC +2)
                  | [Felid growth]
  8976 | D:3      | Reached XP level 6. HP: 14/26 MP: 13/13
  9456 | D:5      | Entered Level 5 of the Dungeon
  9532 | D:5      | Noticed Dowan
  9533 | D:5      | Noticed Duvessa
  9549 | D:5      | Killed Duvessa
  9550 | D:5      | Reached skill level 1 in Evocations
  9607 | D:5      | Killed Dowan
  9867 | D:5      | Reached skill level 5 in Spellcasting
  9937 | D:5      | Noticed a sky beast
  9943 | D:5      | Killed a sky beast
  9944 | D:5      | Reached skill level 5 in Fighting
  9944 | D:5      | Reached XP level 7. HP: 32/33 MP: 6/15
 10445 | D:5      | Found a shadowy altar of Dithmenos.
 11062 | D:5      | Found a glowing golden altar of the Shining One.
 11062 | D:5      | Found a glowing silver altar of Zin.
 11062 | D:5      | Found a white marble altar of Elyvilon.
 11515 | D:5      | Reached XP level 8. HP: 38/38 MP: 9/17
 12300 | D:4      | Found a shimmering altar of Xom.
 13502 | D:6      | Reached skill level 5 in Evocations
 14243 | D:6      | Learned a level 5 spell: Irradiate
 14662 | D:6      | Noticed a troll
 14682 | D:6      | Killed a troll
 14683 | D:6      | Reached skill level 1 in Conjurations
 14683 | D:6      | Reached skill level 1 in Transmutations
 14683 | D:6      | Reached XP level 9. HP: 37/43 MP: 19/21
 15793 | D:7      | Found a stormy altar of Qazlal.
 16586 | D:7      | Found a staircase to the Ecumenical Temple.
 16907 | Temple   | Entered the Ecumenical Temple
 16966 | Temple   | Became a worshipper of Ashenzari the Shackled
 17272 | D:8      | Noticed Joseph
 17338 | D:8      | Identified the +1 leather armour "Qahecwadd" {+Blink rF+
                  | rC+ rN+}
 17392 | D:8      | Noticed Psyche
 17401 | D:8      | Killed Psyche
 17607 | D:8      | Found a basalt altar of Yredelemnul.
 17988 | D:8      | Found a bloodstained altar of Trog.
 18050 | D:8      | Reached XP level 10. HP: 49/49 MP: 13/23
 18756 | D:9      | Reached skill level 5 in Transmutations
 19011 | D:9      | Gained mutation: You are clumsy. (Dex -2) [mutagenic glow]
 19034 | D:8      | Gained mutation: Your body sometimes deteriorates upon
                  | taking damage. [mutagenic glow]
 19553 | D:9      | Reached * piety under Ashenzari
 19553 | D:9      | Reached ** piety under Ashenzari
 19865 | D:9      | Reached skill level 5 in Conjurations
 20433 | D:9      | Found a sacrificial altar of Ru.
 20469 | D:9      | Noticed a death yak
 20485 | D:9      | Killed a death yak
 21175 | D:9      | Noticed a two-headed ogre
 21246 | D:9      | Identified the +0 cloak of Undesirable Species {rC++ Str-5
                  | Int+8 Slay-5}
 21264 | D:9      | Found a hazy altar of Hepliaklqana.
 21264 | D:9      | Found a shimmering blue altar of Sif Muna.
 21266 | D:9      | Found a snail-covered altar of Cheibriados.
 21384 | D:9      | Killed a two-headed ogre
 21385 | D:9      | Reached skill level 10 in Fighting
 21828 | D:8      | Reached XP level 11. HP: 53/54 MP: 4/24
 22365 | D:9      | Found a staircase to the Lair.
 23034 | D:10     | Entered Level 10 of the Dungeon
 23166 | D:9      | Found a staircase to the Lair.
 23511 | D:9      | Found a hazy altar of Hepliaklqana.
 23511 | D:9      | Found a shimmering blue altar of Sif Muna.
 23513 | D:9      | Found a snail-covered altar of Cheibriados.
 23592 | D:9      | Found a sacrificial altar of Ru.
 24216 | D:10     | Found a staircase to the Orcish Mines.
 24388 | D:10     | Found a sparkling altar of Nemelex Xobeh.
 24528 | D:10     | Noticed a two-headed ogre
 24534 | D:10     | Killed a two-headed ogre
 25430 | D:11     | Found a runed translucent gate.
 25430 | D:11     | Found a runed translucent gate.
 25430 | D:11     | Found a runed translucent gate.
 25430 | D:11     | Noticed TheJester's ghost (journeyman MiBe)
 25461 | D:11     | Learned a level 4 spell: Dispel Undead
 25486 | D:11     | Noticed Sonja
 25519 | D:11     | Noticed Sonja
 25519 | D:11     | Sonja changed into Sonja the floating eye
 25522 | D:11     | Paralysed by Sonja for 3 turns
 25526 | D:11     | Killed Sonja the floating eye
 25528 | D:11     | Gained mutation: Your spells are a little easier to cast,
                  | but a little less powerful. [mutagenic glow]
 26086 | Orc:1    | Entered Level 1 of the Orcish Mines
 26087 | Orc:1    | Found Jueg's Distillery.
 26089 | Orc:1    | Noticed an orc sorcerer
 26102 | Orc:1    | Killed an orc sorcerer
 26636 | Orc:1    | Found Enuawa's Antique Weapon Shoppe.
 26636 | Orc:1    | Noticed an ettin
 26680 | Orc:1    | Killed an ettin
 26681 | Orc:1    | Reached skill level 5 in Dodging
 27306 | Orc:1    | Noticed a two-headed ogre
 27311 | Orc:1    | Killed a two-headed ogre
 27312 | Orc:1    | Reached skill level 5 in Necromancy
 27445 | Orc:1    | Found Cadoimm's Book Shop.
 27628 | Orc:1    | Found Ehokhui's Self-Improvement Boutique.
 27631 | Orc:1    | Noticed an orc sorcerer
 27638 | Orc:1    | Killed an orc sorcerer
 27881 | Orc:1    | Bought Jeaschucs's Papyrus of Mutagenic Air for 672 gold
                  | pieces
 27888 | Orc:1    | Learned a level 6 spell: Statue Form
 28536 | Orc:2    | Entered Level 2 of the Orcish Mines
 28826 | Orc:2    | Found Zygh's General Store.
 28826 | Orc:2    | Noticed an orc knight
 28992 | Orc:2    | Reached skill level 1 in Earth Magic
 29070 | Orc:2    | Killed an orc knight
 29071 | Orc:2    | Gained mutation: Your thick and shaggy fur keeps you warm.
                  | (AC +3, rC+) [Felid growth]
 29071 | Orc:2    | Reached XP level 12. HP: 44/58 MP: 10/26
 29429 | Orc:2    | Noticed a two-headed ogre
 29510 | Orc:2    | Killed a two-headed ogre
 29713 | Orc:2    | Noticed an orc warlord
 29725 | Orc:2    | Paralysed by an orc sorcerer for 4 turns
 29725 | Orc:2    | Noticed an orc high priest
 29726 | Orc:2    | Killed from afar by an orc sorcerer
 29727 | Orc:2    | Reached XP level 11. HP: -33/54 MP: 15/25
 30092 | Lair:1   | Entered Level 1 of the Lair of Beasts
 30093 | Lair:1   | Noticed an oklob plant
 30094 | Lair:1   | Noticed an oklob plant
 30483 | Lair:1   | Noticed a five-headed hydra
 30491 | Lair:1   | Killed a five-headed hydra
 30682 | Lair:1   | Reached skill level 10 in Transmutations
 31352 | Lair:1   | Noticed Erica
 31356 | Lair:1   | Killed Erica
 31685 | Lair:2   | Noticed a seven-headed hydra
 31692 | Lair:2   | Killed a seven-headed hydra
 31693 | Lair:2   | Reached skill level 5 in Earth Magic
 32471 | Lair:1   | Noticed an oklob plant
 33155 | Lair:2   | Reached XP level 12. HP: 48/58 MP: 20/26
 33381 | Lair:2   | Reached *** piety under Ashenzari
 33381 | Lair:2   | Reached **** piety under Ashenzari
 33860 | Lair:2   | Found the +7 great mace "Undeadhunter" {disrupt, rN+}
 35049 | Lair:3   | Reached skill level 1 in Unarmed Combat
 35075 | Lair:3   | Slain by a jumping spider
 35076 | Lair:3   | Reached XP level 11. HP: -1/74 MP: 2/27
 35082 | Lair:3   | Found a hole to the Spider Nest.
 35586 | Lair:3   | Noticed Gastronok
 35889 | Lair:3   | Found a staircase to the Swamp.
 36580 | Lair:3   | Killed Gastronok
 36581 | Lair:3   | Reached XP level 12. HP: 61/61 MP: 3/28
 36710 | Lair:3   | Reached ***** piety under Ashenzari
 36710 | Lair:3   | Reached ****** piety under Ashenzari
 37164 | Lair:4   | Noticed a death yak
 37173 | Lair:4   | Killed a death yak
 38169 | Lair:5   | Found a frozen archway.
 38285 | IceCv    | Entered an ice cave
 38378 | IceCv    | Found a transporter.
 38392 | IceCv    | Identified the Catalogue of Changing and Ice
 38394 | IceCv    | Found a transporter.
 38402 | IceCv    | Slain by a brown ugly thing

Illustrated notes

Levels and vault maps discovered:
D:1:      onia_arrival_pentagram, layout_basic, serial_shops, shop
D:2:      layout_loops_corners, hellmonk_ecumenical_altar_zigzags,
          minmay_pentomino_r2, uniq_robin
D:3:      minmay_angry_zag, layout_rooms, minmay_surrounded
D:4:      layout_rooms, led_xom_imps
D:5:      layout_basic, good_gods_mini_temple, marbit_many_paths,
          nicolae_sextant, uniq_duvessa
D:6:      layout_loops_corners
D:7:      layout_basic, nicolae_qazlal_scattered_showers,
          minmay_temple_entry_purple_smoke
D:8:      layout_rooms, trog_antimagical, overflow_temple_1_default, hex_large,
          hangedman_abyss_or_decor_jellyfish_corner, uniq_psyche, uniq_joseph
D:9:      layout_loops_ring, mainiacjoe_overflow_boulevard, minitemple,
          minmay_lair_entry_grove, serial_ice, serial_ice_n, serial_ice_h,
          serial_ice_i, serial_ice_f, serial_ice_d, serial_ice_e, serial_ice_c
D:10:     layout_stronghold, lemuel_coloured_pillars_altar, david_orc_1_choice,
          nicolae_straight_to_the_point
D:11:     layout_irregular_city, ebering_ghost_rock_garden,
          kennysheep_just_a_vault, uniq_sonja
Temple:   pf_slimified_temple
Lair:1:   layout_regular_city, serial_bayou_shore_b, minmay_lair_oklob_chamber,
          uniq_erica
Lair:2:   layout_regular_city, wad_woods_06, worms_lemuel
Lair:3:   layout_roguey, swamp_mist, spider_nest_entry_a,
          nicolae_volcano_entry_two_sided, uniq_gastronok
Lair:4:   layout_long_grid, st_stairs_11
Lair:5:   regret_index_wax_grids, layout_cave_pods,
          portal_ice_cave_entry_ice_simulacra, serial_forest,
          infiniplex_forest_3_way, infiniplex_forest_clump_cross,
          infiniplex_forest_lined_2, infiniplex_forest_straight_4,
          infiniplex_forest_lined_ring, lemuel_fruit_fields
Orc:1:    layout_caves, serial_shops, shop, nicolae_shop_stone, shop,
          nicolae_shop_self_help
Orc:2:    grunt_orc_gardens, layout_diamond_mine, grunt_orc_garden,
          grunt_orc_garden, grunt_orc_garden, grunt_orc_garden
IceCv:    ice_cave_statue_garden_transporter

Skill      XL: |  1  2  3  4  5  6  7  8  9 10 11 12 |
---------------+-------------------------------------+-----
Fighting       | 1 3 4 5 7 8 10 | 10.8
Spellcasting   | 3 4 5 7 8 9 |  9.0
Evocations     | 2 3 5 |  5.5
Conjurations   | 1 3 6 7 8 |  8.5
Transmutations | 1 4 7 10 | 10.0
Dodging        | 6 7 |  7.5
Necromancy     | 5 6 |  6.0
Earth Magic    | 7 9 |  9.1
Unarmed Combat | 3 4 |  4.1
Stealth        | |  2.6

Action                   |  1- 3 |  4- 6 |  7- 9 | 10-12 || total
-------------------------+-------+-------+-------+-------++-------
Melee: Unarmed           |     1 |    58 |   106 |   160 ||   325
       Bite              |       |     4 |    15 |    14 ||    33
       Punch             |       |       |       |     4 ||     4
 Cast: Pain              |   131 |   108 |   129 |   238 ||   606
       Vampiric Draining |       |    10 |    82 |   128 ||   220
       Irradiate         |       |       |       |   140 ||   140
       Statue Form       |       |       |       |    28 ||    28
Invok: Curse Item        |       |       |       |     3 ||     3
 Abil: End Transformatio |       |       |       |     6 ||     6
Evoke: Wand              |       |       |    22 |    42 ||    64
  Use: Scroll            |     3 |     9 |     2 |     2 ||    16
       Potion            |       |     2 |       |     4 ||     6
 Stab: Sleeping          |     1 |       |     4 |     1 ||     6
       Paralysed         |       |       |     6 |       ||     6
       Distracted        |       |       |       |     1 ||     1
Armor: Skin              |     1 |     1 |    27 |   138 ||   167
Dodge: Dodged            |     9 |    83 |   161 |   457 ||   710

Table legend: (Time is in decaauts)
 A = Elapsed time spent in this place.
 B = Non-inter-level travel time spent in this place.
 C = Inter-level travel time spent in this place.
 D = Time resting spent in this place.
 E = Time spent auto-exploring this place.
 F = Levels seen in this place.
 G = Mean time per level.
                   A        B        C        D        E       F      G
               +--------+--------+--------+--------+--------+-----+--------+
         Total |  36032 |  35138 |    894 |  21512 |   8760 |  20 | 1801.6 |
       Dungeon |  24679 |  24012 |    667 |  15345 |   5659 |  11 | 2243.5 |
        Temple |     58 |     49 |      9 |      0 |      0 |   1 |   58.0 |
          Lair |   7875 |   7715 |    160 |   3876 |   2666 |   5 | 1575.0 |
  Orcish Mines |   3308 |   3251 |     57 |   2233 |    435 |   2 | 1654.0 |
      Ice Cave |    110 |    110 |      0 |     57 |      0 |   1 |  110.0 |
               +--------+--------+--------+--------+--------+-----+--------+

Top non-repeatable levels by time:
     D:9: 3579 daAuts
   Orc:1: 3114 daAuts
     D:3: 3028 daAuts
     D:2: 2820 daAuts
     D:1: 2511 daAuts
  Lair:2: 2480 daAuts
     D:6: 2444 daAuts
     D:8: 2416 daAuts
  Lair:1: 2335 daAuts
    D:10: 2277 daAuts
     D:5: 1884 daAuts
     D:4: 1746 daAuts
  Lair:3: 1717 daAuts
     D:7: 1545 daAuts
  Lair:4: 1090 daAuts
